 Dungeon Crawl Stone Soup version 0.20-a0-622-g01f5896 (webtiles) character file.

377278 KristoblXynda the Peltast (level 22, -10/143 HPs)
             Began as a Gargoyle Fighter on Feb 9, 2017.
             Was the Champion of Makhleb.
             Blown up by a lich (38 damage)
             ... with a wavering orb of destruction
             ... while paralysed by a lich
             ... on level 5 of the Vaults.
             The game lasted 02:31:51 (39915 turns).

KristoblXynda the Peltast (Gargoyle Fighter)       Turns: 39915, Time: 02:31:52

Health: -10/143    AC: 44    Str: 38    XL:     22   Next: 80%
Magic:  0/39       EV:  2    Int: 17    God:    Makhleb [******]
Gold:   1076       SH:  0    Dex:  9    Spells: 41/47 levels left

rFire    + . .     SeeInvis +   k - +7 broad axe (vamp)
rCold    + + .     Gourm    .   g - +1 ice dragon scales of Pium {rF- rC++ Str+4}
rNeg     + . .     Faith    .   H - +2 shield {rF+}
rPois    ∞         Spirit   +   x - +2 helmet
rElec    +         Reflect  .   J - scarf {Spirit}
rCorr    .         Harm     .   R - +1 pair of gloves of Xeicuj Pakho {Regen+ Str+7 Slay-2}
MR       .....                  K - +1 pair of boots
Stlth    ++........             F - amulet of regeneration
Regen    1.2/turn               c - ring of see invisible
                                o - +4 ring of evasion

@: paralysed, mighty, vulnerable, marked, flying, very slightly contaminated,
drained
A: big wings, fangs 1, slimy green scales 1, blink, fire resistance 1, negative
energy resistance 1, robust 1, screaming 1, electricity resistance, unbreathing,
petrification resistance, rot immunity, MP-powered wands, AC +16
}: 2/15 runes: decaying, serpentine
a: Stop Flying, Blink, Minor Destruction, Lesser Servant of Makhleb, Major
Destruction, Greater Servant of Makhleb, Renounce Religion


You were on level 5 of the Vaults.
You worshipped Makhleb.
Makhleb was exalted by your worship.
You were not hungry.

You visited 8 branches of the dungeon, and saw 39 of its levels.
You visited 1 bazaar.
You also visited: Sewer, Ice Cave and Volcano.

You collected 4707 gold pieces.
You spent 3631 gold pieces at shops.

Inventory:

Hand Weapons
 k - a +7 vampiric broad axe (weapon)
Missiles
 D - 2 throwing nets (quivered)
Armour
 g - the +1 ice dragon scales of Pium (worn) {rF- rC++ Str+4}
   (You found it in an ice cave)

   It affects your strength (+4).
   It makes you vulnerable to fire.
   It greatly protects you from cold.
 x - a +2 helmet (worn)
 H - a +2 shield of fire resistance (worn)
 J - a scarf of spirit shield (worn)
 K - a +1 pair of boots (worn)
 R - the +1 pair of gloves of Xeicuj Pakho (worn) {Regen+ Str+7 Slay-2}
   (You bought it in a shop in a bazaar)

   It affects your strength (+7).
   It affects your accuracy and damage with ranged weapons and melee attacks
   (-2).
   It increases your rate of regeneration.
Jewellery
 c - a ring of see invisible (right hand)
 o - a +4 ring of evasion (left hand)
 F - an amulet of regeneration (around neck)
Scrolls
 b - 4 scrolls of remove curse
 i - a scroll of amnesia
 n - a scroll of enchant armour
 q - 12 scrolls of identify
Potions
 d - 6 potions of resistance
 e - a potion of berserk rage
 j - 4 potions of heal wounds
 l - a potion of brilliance
 r - 8 potions of haste
 w - 5 potions of might
 A - 3 potions of agility
 G - 9 potions of curing
 Q - a potion of cancellation
Miscellaneous
 h - a lightning rod (4/4)
 P - 2 sacks of spiders
 S - a lamp of fire (inert)
 Y - a box of beasts
Comestibles
 f - 15 bread rations
 m - 15 meat rations


   Skills:
 - Level 11.4(11.1) Fighting
 - Level 16.0(15.8) Axes
   Level 4.0(11.9) Maces & Flails
 - Level 16.1(15.8) Armour
 - Level 10.1(9.8) Dodging
 - Level 10.0(9.7) Stealth
 + Level 17.1(16.8) Shields
 + Level 13.1(12.7) Spellcasting
 + Level 6.4(6.1) Hexes
 - Level 11.1(10.7) Charms
 - Level 10.0(9.7) Invocations
 - Level 10.0(9.7) Evocations


You had 41 spell levels left.
You knew the following spells:

 Your Spells              Type           Power        Failure   Level  Hunger
a - Regeneration          Chrm/Necr      ####......   3%          3    None
b - Spectral Weapon       Hex/Chrm       #####...     1%          3    None


Dungeon Overview and Level Annotations

Branches:
Dungeon (15/15)            Temple (1/1) D:6            Lair (6/6) D:10
  Swamp (4/4) Lair:2        Snake (4/4) Lair:2        Slime (0/5) Lair:5
    Orc (2/2) D:10            Elf (0/3) Orc:2        Vaults (5/5) D:14
  Crypt (0/3) Vaults:3     Depths (2/5) D:15

Altars:
Ashenzari
Cheibriados
Dithmenos
Elyvilon
Fedhas
Gozag
Hepliaklqana
Kikubaaqudgha
Makhleb
Nemelex Xobeh
Okawaru
Qazlal
Ru
Sif Muna
Trog
Uskayaw
Vehumet
Xom
Yredelemnul
Zin
The Shining One
Beogh

Shops:
D:13 !   D:14 %   Orc:1 (   Orc:2 :*[   Vaults:1 ?   Vaults:3 *(((

Portals:
Hell: Depths:1

Annotations:
D:4 Pikel
Lair:5 exclusion: 2 oklob plants
Vaults:5 Mara
Abyss:1 Duvessa


Innate Abilities, Weirdness & Mutations

You are resistant to torment.
Your stone body is resilient. (AC +16)
You are immune to poison.
Your large and strong wings let you fly indefinitely.
You resist negative energy. (rN+)
You are resistant to electric shocks. (rElec)
You can survive without breathing.
You are immune to petrification.
You are immune to rotting.
You have very sharp teeth.
You are partially covered in slimy green scales. (AC +2)
You can translocate small distances at will.
Your flesh is heat resistant. (rF+)
You are robust. (+10% HP)
You occasionally shout uncontrollably at your foes.
You expend magic power (3 MP) to strengthen your wands.


Message History

The orc sorcerer casts a spell.
The phantasmal warrior is engulfed in blazing flames.
The phantasmal warrior hits you!!
* * * LOW HITPOINT WARNING * * *
The phantasmal warrior blinks!
The freezing wraith is engulfed in blazing flames.
KristoblXynda's illusion hits you!
* * * LOW HITPOINT WARNING * * *
The small abomination is engulfed in blazing flames.
The lich touches you but does no damage.
The ogre is engulfed in blazing flames.
Mara is engulfed in blazing flames.
The deep elf annihilator mumbles some strange words.
The deep elf annihilator blinks!
The vault warden is engulfed in blazing flames.
The war gargoyle hits you but does no damage.
The phantasmal warrior is engulfed in blazing flames.
The phantasmal warrior hits you but does no damage.
The lich conjures an orb of pure magic.
The wavering orb of destruction weakly hits you!
You die... ....%%%.))()..%..%. ....%$%)<4xpeo..D.% ...%..[<)WeoH)%s.o. ....OCOspcoCo%..... #####oGXoCDce###### ..OposRCo%..

...o#eDLD#..#.
###..#pC9@#).#
..
#..#RpL@#.?. D
#p.#.ORW#....
#%WxC# #(.§§#
#...W# #....#
#....# #....#
#....#


You could see 3 Maras, a tentacled monstrosity, an ironheart preserver, a titan,
a golden dragon, an ancient lich, a storm dragon, a quicksilver dragon, a
sphinx, a stone giant, 3 vault wardens, a lich, a yaktaur captain, 2 orc
knights, a deep elf annihilator, a deep elf death mage, a great orb of eyes, 4
ettins, a two-headed ogre, an ogre mage (invisible), a war gargoyle, a vault
sentinel, a deep elf knight, 2 phantasmal warriors, a yaktaur, 2 freezing
wraiths, an orc sorcerer, a red devil, a tarantella shaped shifter, 2 orc
warriors, a redback, 2 ogres, 2 small abominations, 2 orc wizards,
KristoblXynda's illusion and an orc.

Vanquished Creatures
  Saint Roka (Orc:2)
  A golden dragon (Vaults:5)
  2 liches (Vaults:5)
  Rupert (Orc:2)
  4 quicksilver dragons
  2 titans
  2 sphinxes
  Gastronok (Lair:2)
  A shadow dragon (Vaults:5)
  Kirke (D:14)
  2 tengu reavers (Vaults:5)
  5 storm dragons
  4 thorn hunters
  6 nagarajas
  Roxanne (Swamp:1)
  14 vault wardens
  4 fire giants
  Aizul (Vaults:4)
  2 frost giants
  3 orc warlords
  An iron dragon (Depths:2)
  10 ironheart preservers
  A reaper (Depths:1)
  A war gargoyle (Vaults:5)
  A very ugly thing (Vaults:5)
  10 stone giants
  4 entropy weavers
  6 dire elephants (Lair:6)
  2 deep elf annihilators
  A green death (Depths:1)
  A deep elf death mage (Vaults:4)
  6 ettins
  2 merfolk javelineers (Depths:2)
  A merfolk impaler (Depths:2)
  A deep elf high priest (Vaults:5)
  2 great orbs of eyes
  Josephine (D:15)
  8 yaktaur captains
  Fannar (D:10)
  4 ice dragons
  13 naga warriors
  4 rakshasas
  17 hydras
  37 vault guards
  15 centaur warriors
  A spriggan air mage (Depths:2)
  9 anacondas
  2 dancing weapons (Vaults:5)
  3 death knights
  34 two-headed ogres
  9 alligators
  5 death yaks (Lair:3)
  5 tengu warriors
  15 ogre magi
  2 vampire magi (Vaults:3)
  10 naga sharpshooters
  8 orc high priests
  A titan zombie (Vaults:4)
  A queen ant (D:13)
  5 shock serpents
  A soul eater (Depths:1)
  Urug (D:14)
  A sun demon (Volcano)
  The ghost of Duffy the Zephyrmancer, a novice DEAE of Vehumet (D:9)
  6 deep elf knights
  4 shadow wraiths
  A hell knight (Volcano)
  7 salamander mystics
  2 skeletal warriors (D:15)
  5 unseen horrors
  4 deep trolls (Vaults:3)
  5 wizards
  6 deep elf archers
  A flayed ghost (D:15)
  3 harpies (Vaults:2)
  13 swamp dragons (Swamp:4)
  3 shambling mangroves
  An orange crystal statue (Depths:2)
  8 deep elf magi
  7 naga ritualists
  A wolf spider zombie (D:14)
  21 orc knights
  16 mana vipers
  9 ironbrand convokers
  A mana viper (shapeshifter) (Depths:1)
  A stone giant zombie (Depths:1)
  2 orc sorcerers
  4 necromancers
  4 wolf spiders
  A cyclops (shapeshifter) (Vaults:5)
  50 ugly things
  5 cyclopes
  An elephant (shapeshifter) (Depths:1)
  A manticore (D:15)
  6 salamanders
  19 elephants
  14 naga magi
  A guardian serpent (shapeshifter) (D:14)
  29 black mambas
  3 ice statues (IceCv)
  5 guardian serpents (Snake:4)
  8 vault sentinels
  Psyche (D:12)
  3 gargoyles
  A torpor snail (Lair:6)
  2 centaur skeletons
  22 spiny frogs
  8 komodo dragons
  2 rime drakes (Lair:5)
  36 yaktaurs
  3 freezing wraiths
  A demonic crawler (Depths:1)
  4 kobold demonologists
  2 spriggan skeletons
  2 tengu conjurers (Depths:1)
  8 trolls
  A hornet (shapeshifter) (Vaults:1)
  5 tyrant leeches
  16 hornets
  40 slime creatures
  A fire dragon zombie (D:15)
  Prince Ribbit (D:6)
  2 blink frogs (shapeshifter)
  An ice dragon zombie (D:15)
  3 blink frogs (Swamp:4)
  4 bog bodies
  An elf zombie (Depths:1)
  14 hippogriffs
  A meliai zombie (D:10)
  A spriggan zombie (D:15)
  A flying skull (Vaults:3)
  2 human simulacra
  An ettin zombie (Vaults:4)
  An ice dragon skeleton (Depths:1)
  A tarantella (Vaults:5)
  A small abomination (Depths:1)
  A redback (Vaults:5)
  2 shadows
  An ettin skeleton (Depths:1)
  34 yaks
  Sigmund (D:2)
  3 vampires
  2 water elementals
  5 wyverns
  6 spriggans
  6 hogs (D:14)
  9 wraiths
  A basilisk (Lair:3)
  A chaos spawn (Depths:1)
  2 steam dragons
  A steam dragon (shapeshifter) (Depths:1)
  3 hungry ghosts
  17 vampire mosquitoes
  Grum (D:10)
  An insubstantial wisp (Depths:1)
  9 wargs
  Edmund (D:6)
  8 soldier ants
  A hell hound (Volcano)
  47 nagas
  4 acid dragons
  21 swamp worms
  15 water moccasins
  15 swamp drakes
  9 porcupines
  8 ice beasts
  3 eyes of draining
  5 phantoms
  A large abomination (Depths:1)
  46 orc warriors
  4 slaves (D:4)
  A necrophage (D:10)
  4 black bears
  An ettin simulacrum (Vaults:1)
  5 sky beasts
  41 ogres
  6 boggarts
  22 wolves
  26 centaurs
  22 crocodiles
  A human skeleton (Vaults:4)
  5 big kobolds
  Blork the orc (D:5)
  A gnoll sergeant (D:7)
  26 bullfrogs
  A wyvern zombie (D:13)
  2 wyvern skeletons
  Dowan (D:6)
  5 scorpions
  3 killer bees (D:8)
  An orc simulacrum (Vaults:1)
  20 wights
  8 howler monkeys
  4 bullfrog zombies
  6 crimson imps
  7 quasits
  2 bullfrog skeletons
  3 centaur zombies
  8 hounds
  A jelly (Lair:5)
  22 orc wizards
  20 orc priests
  A gnoll shaman (D:7)
  Ijyb (D:2)
  Natasha (thrice) (D:2)
  2 iguanas
  A hell rat (Depths:1)
  35 worker ants
  2 yak simulacra (Lair:2)
  4 polar bear simulacra (Lair:2)
  A killer bee zombie (D:7)
  2 wolf simulacra (Lair:2)
  A hound zombie (D:7)
  A hound skeleton (D:11)
  A howler monkey zombie (D:10)
  8 gnolls
  10 adders
  A river rat (Sewer)
  3 shadow imps
  A white imp (Vaults:1)
  3 oozes
  3 adder skeletons
  An adder zombie (D:5)
  17 worms
  A dart slug (D:3)
  5 leopard geckos
  109 orcs
  4 ball pythons
  4 bats
  5 giant cockroaches
  6 goblins (D:1)
  10 hobgoblins
  10 jackals
  24 kobolds
  2 quokkas
  3 frilled lizards
  2 jackal skeletons
  A quokka zombie (D:7)
  12 rats
  3 river rat simulacra (Lair:2)
  5 briar patches (Swamp:2)
  5 crawling corpses (Vaults:5)
  4 fungi
  7 plants
  A withered plant (D:15)
1688 creatures vanquished.

Vanquished Creatures (others)
  A naga warrior (Snake:4)
  A shadow wraith (Vaults:3)
  An unseen horror (Vaults:1)
  2 naga ritualists (Snake:4)
  A wizard (Vaults:3)
  2 ironbrand convokers (Vaults:3)
  A tengu conjurer (Depths:1)
  A hornet (D:8)
  2 yaks (D:5)
  A human (D:14)
  A sky beast (D:6)
  An ice beast (D:8)
  8 ogres
  A centaur (D:6)
  2 boggarts (Depths:1)
  A big kobold (Sewer)
  A scorpion (D:5)
  A killer bee (D:8)
  A hound (D:6)
  An orc priest (Vaults:2)
  An orc wizard (D:8)
  A hound skeleton (D:7)
  A gnoll (D:2)
  2 adders
  2 worms
  4 orcs
  2 kobolds
  A briar patch (Swamp:4)
  46 fungi
  27 plants
  8 toadstools (Swamp:2)
126 creatures vanquished.

Grand Total: 1814 creatures vanquished

Notes
Turn   | Place    | Note
-------+----------+-------------------------------------------
     0 | D:1      | KristoblXynda the Gargoyle Fighter began the quest for the Orb.
     0 | D:1      | Reached XP level 1. HP: 14/14 MP: 1/1
   214 | D:1      | Reached XP level 2. HP: 18/19 MP: 2/2
   811 | D:2      | Noticed Natasha
   835 | D:2      | Killed Natasha
   835 | D:2      | Reached skill level 4 in Shields
   835 | D:2      | Reached XP level 3. HP: 16/23 MP: 3/3
   880 | D:2      | Noticed Ijyb
   902 | D:2      | Killed Ijyb
   902 | D:2      | Reached skill level 1 in Maces & Flails
   902 | D:2      | Reached XP level 4. HP: 21/28 MP: 4/4
   921 | D:2      | Noticed Sigmund
   993 | D:2      | Killed Sigmund
   993 | D:2      | Reached skill level 5 in Shields
   993 | D:2      | Reached XP level 5. HP: 10/32 MP: 5/5
   993 | D:2      | Reached XP level 6. HP: 11/37 MP: 6/6
  1349 | D:2      | Noticed Natasha
  1355 | D:2      | Killed Natasha
  1471 | D:2      | Noticed Natasha
  1478 | D:2      | Killed Natasha
  1820 | D:3      | Found a sacrificial altar of Ru.
  1990 | D:3      | Found a glowing drain.
  2010 | Sewer    | Entered a sewer
  2084 | Sewer    | Reached skill level 6 in Shields
  2145 | Sewer    | Reached XP level 7. HP: 41/41 MP: 7/7
  2546 | D:3      | Found a sacrificial altar of Ru.
  2823 | D:4      | Found a blossoming altar of Fedhas.
  2850 | D:4      | Noticed Pikel
  3162 | D:4      | Found a stormy altar of Qazlal.
  3198 | D:5      | Entered Level 5 of the Dungeon
  3200 | D:5      | Noticed a yak
  3208 | D:5      | Noticed a yak
  3210 | D:5      | Noticed a yak
  3212 | D:5      | Noticed a yak
  3219 | D:5      | Banished a yak
  3221 | D:5      | Reached skill level 7 in Shields
  3231 | D:5      | Reached XP level 8. HP: 43/46 MP: 8/8
  3246 | D:5      | Killed a yak
  3246 | D:5      | Reached skill level 5 in Armour
  3381 | D:5      | Banished a yak
  3429 | D:5      | Noticed Blork the orc
  3438 | D:5      | Killed Blork the orc
  3560 | D:5      | Killed a yak
  3560 | D:5      | Reached skill level 5 in Axes
  3621 | D:5      | Reached skill level 8 in Shields
  3748 | D:5      | Found a white marble altar of Elyvilon.
  3854 | D:5      | Found a white marble altar of Elyvilon.
  3860 | D:5      | Found a deep blue altar of Sif Muna.
  3865 | D:5      | Found a shadowy altar of Dithmenos.
  3866 | D:5      | Found a basalt altar of Yredelemnul.
  3885 | D:5      | Found a burning altar of Makhleb.
  3885 | D:5      | Noticed a green death
  4008 | D:5      | Noticed a hellwing
  4010 | D:5      | Became a worshipper of Makhleb the Destroyer
  4058 | D:6      | Reached XP level 9. HP: 50/51 MP: 9/9
  4068 | D:6      | Noticed Edmund
  4193 | D:6      | Found a staircase to the Ecumenical Temple.
  4252 | Temple   | Entered the Ecumenical Temple
  4333 | D:6      | Noticed Dowan
  4334 | D:6      | Noticed Duvessa
  4338 | D:6      | Killed Dowan
  4370 | D:6      | Reached skill level 9 in Shields
  4387 | D:6      | Reached * piety under Makhleb
  4420 | D:6      | Killed Edmund
  4688 | D:6      | Banished Duvessa
  4751 | D:6      | Noticed Prince Ribbit
  4773 | D:6      | Killed Prince Ribbit
  4802 | D:6      | Reached XP level 10. HP: 56/56 MP: 10/10
  5225 | D:7      | Reached skill level 10 in Shields
  5561 | D:7      | Found a glowing golden altar of the Shining One.
  5561 | D:7      | Found a snail-covered altar of Cheibriados.
  5854 | D:7      | Reached ** piety under Makhleb
  6613 | D:8      | Found an ancient bone altar of Kikubaaqudgha.
  6839 | D:8      | Reached *** piety under Makhleb
  7227 | D:8      | Gained mutation: Armour fits poorly on your strangely shaped body. [mutagenic glow]
  7264 | D:7      | Gained mutation: You are dopey. (Int -2) [mutagenic glow]
  7534 | D:9      | Reached skill level 11 in Shields
  7991 | D:9      | Noticed Duffy's ghost (novice DEAE)
  7995 | D:9      | Noticed a red ugly thing
  7998 | D:9      | Killed Duffy's ghost
  7998 | D:9      | Reached XP level 11. HP: 61/61 MP: 9/11
  8015 | D:9      | Killed a red ugly thing
  8056 | D:9      | Lost mutation: You are dopey. (Int -2) [potion of mutation]
  8056 | D:9      | Lost mutation: Armour fits poorly on your strangely shaped body. [potion of mutation]
  8056 | D:9      | Gained mutation: You expend magic power (3 MP) to strengthen your wands. [potion of mutation]
  8056 | D:9      | Gained mutation: You are robust. (+10% HP) [potion of mutation]
  8056 | D:9      | Gained mutation: Your flesh is heat resistant. (rF+) [potion of mutation]
  8463 | D:10     | Entered Level 10 of the Dungeon
  8520 | D:10     | Reached **** piety under Makhleb
  8534 | D:10     | Reached skill level 10 in Armour
  8538 | D:10     | Reached skill level 5 in Fighting
  8560 | D:10     | Found a staircase to the Orcish Mines.
  8720 | D:10     | Noticed Fannar
  8761 | D:10     | Killed Fannar
  8765 | D:10     | Noticed a cyan ugly thing
  8916 | D:10     | Killed a cyan ugly thing
  8973 | D:10     | Gained mutation: Your muscles are strong. (Str +2) [mutagenic meat]
  9187 | D:10     | Noticed Grum
  9232 | D:10     | Got an ancient flail
  9233 | D:10     | Identified the cursed +0 flail of Distant Shores {venom, rN+} (You found it on level 10 of the Dungeon)
  9243 | D:10     | Found a staircase to the Lair.
  9462 | D:10     | Reached skill level 10 in Axes
  9462 | D:10     | Reached skill level 12 in Shields
  9487 | D:10     | Reached ***** piety under Makhleb
  9622 | D:10     | Killed Grum
  9667 | Lair:1   | Entered Level 1 of the Lair of Beasts
  9695 | Lair:1   | Found a frozen archway.
  9730 | Lair:1   | Reached XP level 12. HP: 59/74 MP: 8/12
  9768 | Lair:1   | Noticed a seven-headed hydra
 10389 | IceCv    | Entered an ice cave
 10593 | IceCv    | Gained mutation: You are partially covered in slimy green scales. (AC +2) [mutagenic meat]
 10594 | IceCv    | Gained mutation: You have very sharp teeth. [mutagenic meat]
 10754 | IceCv    | Got crude ice dragon scales
 10798 | IceCv    | Identified the +1 ice dragon scales of Pium {rF- rC++ Str+4} (You found it in an ice cave)
 11291 | Lair:2   | Found a staircase to the Swamp.
 11292 | Lair:2   | Noticed a seven-headed hydra
 11495 | Lair:2   | Found a staircase to the Snake Pit.
 11496 | Lair:2   | Noticed Gastronok
 11814 | Lair:3   | Noticed a death yak
 11835 | Lair:3   | Killed a death yak
 11847 | Lair:3   | Reached skill level 13 in Shields
 12287 | Lair:3   | Noticed a death yak
 12287 | Lair:3   | Noticed a death yak
 12308 | Lair:3   | Noticed a death yak
 12327 | Lair:3   | Noticed a death yak
 12331 | Lair:3   | Killed a death yak
 12346 | Lair:3   | Killed a death yak
 12346 | Lair:3   | Reached XP level 13. HP: 85/85 MP: 11/13
 13156 | Lair:1   | Learned a level 3 spell: Regeneration
 13177 | D:10     | Gained mutation: You can translocate small distances at will. [mutagenic meat]
 13178 | D:10     | Gained mutation: You occasionally shout uncontrollably at your foes. [mutagenic meat]
 13179 | D:10     | Lost mutation: Your muscles are strong. (Str +2) [mutagenic meat]
 13221 | Orc:1    | Entered Level 1 of the Orcish Mines
 14385 | D:12     | Reached ****** piety under Makhleb
 14811 | D:12     | Noticed Psyche
 14920 | Orc:1    | Found Tamiut's Antique Weapon Emporium.
 15052 | Orc:1    | Noticed an orc warlord
 15090 | Orc:1    | Killed an orc warlord
 15133 | Orc:1    | Noticed a stone giant
 15133 | Orc:1    | Reached skill level 14 in Shields
 15153 | Orc:1    | Killed a stone giant
 15165 | Orc:1    | Found a deep blue altar of Sif Muna.
 15183 | Orc:1    | Identified Sif Muna's Disquisition on Execration
 15582 | Orc:2    | Entered Level 2 of the Orcish Mines
 15582 | Orc:2    | Found a staircase to the Elven Halls.
 15601 | Orc:2    | Noticed Rupert
 15654 | Orc:2    | Killed Rupert
 15654 | Orc:2    | Gained mutation: Your large and strong wings let you fly indefinitely. [Gargoyle growth]
 15654 | Orc:2    | Reached XP level 14. HP: 85/94 MP: 6/14
 15763 | Orc:2    | Noticed an orc warlord
 15764 | Orc:2    | Found Depric's Antique Armour Shoppe.
 15871 | Orc:2    | Noticed Saint Roka
 17056 | Lair:4   | Reached skill level 10 in Fighting
 17351 | Lair:5   | Found a staircase to the Slime Pits.
 17892 | Lair:6   | Entered Level 6 of the Lair of Beasts
 17933 | Lair:6   | Found a dark tunnel.
 17946 | Volcano  | Entered a volcano
 18291 | Lair:6   | Reached skill level 15 in Shields
 18381 | Lair:6   | Reached skill level 15 in Axes
 18511 | Lair:6   | Reached XP level 15. HP: 103/103 MP: 15/15
 18526 | Lair:6   | Reached skill level 1 in Invocations
 20079 | Lair:2   | Killed Gastronok
 20160 | Swamp:1  | Entered Level 1 of the Swamp
 20368 | Swamp:1  | You are sucked into a shaft!
 20599 | Swamp:2  | Noticed a thorn hunter
 20734 | Swamp:2  | Identified a scroll of acquirement
 20798 | Swamp:2  | Killed a thorn hunter
 20798 | Swamp:2  | Reached skill level 5 in Invocations
 21151 | Swamp:3  | Reached skill level 1 in Dodging
 21790 | Swamp:4  | Entered Level 4 of the Swamp
 21853 | Swamp:4  | Reached XP level 16. HP: 110/110 MP: 18/20
 21893 | Swamp:4  | Noticed a thorn hunter
 21913 | Swamp:4  | Killed a thorn hunter
 22173 | Swamp:4  | Got a decaying rune of Zot
 22565 | Swamp:4  | Noticed a thorn hunter
 22583 | Swamp:4  | Killed a thorn hunter
 22685 | Swamp:4  | Noticed a thorn hunter
 22706 | Swamp:4  | Killed a thorn hunter
 22706 | Swamp:4  | Reached skill level 5 in Dodging
 23192 | Swamp:1  | Noticed Roxanne
 23228 | Swamp:1  | Killed Roxanne
 23229 | Swamp:1  | Identified Roxanne's Almanac of Transmigration (You took it off Roxanne on level 1 of the Swamp)
 23523 | Snake:1  | Entered Level 1 of the Snake Pit
 24353 | Lair:1   | Learned a level 3 spell: Spectral Weapon
 24854 | Snake:2  | Reached XP level 17. HP: 114/114 MP: 24/24
 25342 | Snake:2  | Reached skill level 10 in Invocations
 25624 | Snake:3  | Reached skill level 1 in Evocations
 26166 | Snake:4  | Entered Level 4 of the Snake Pit
 26969 | D:12     | Killed Psyche
 27232 | Orc:2    | Found Zuomodom's Antique Weapon Boutique.
 27298 | Orc:2    | Killed Saint Roka
 27298 | Orc:2    | Reached skill level 15 in Armour
 27339 | Orc:2    | Found Zamm's General Store.
 27384 | Orc:2    | Found Luodghaa's Book Shoppe.
 27443 | Orc:2    | Bought a runed shield for 225 gold pieces
 27443 | Orc:2    | Bought a pair of boots for 135 gold pieces
 27696 | Orc:2    | Bought a scroll of enchant weapon for 97 gold pieces
 28311 | Snake:4  | Reached skill level 5 in Evocations
 28542 | Snake:4  | Reached XP level 18. HP: 117/121 MP: 12/25
 28670 | Snake:4  | Got a serpentine rune of Zot
 29645 | D:13     | Reached skill level 1 in Spellcasting
 29828 | D:13     | Found Luguz's Distillery.
 29831 | D:13     | Bought a potion of invisibility for 112 gold pieces
 29831 | D:13     | Bought 3 potions of heal wounds for 210 gold pieces
 30114 | D:14     | Identified the Catalogue of Lightness and the Frostbite
 30145 | D:14     | Noticed Kirke
 30169 | D:14     | Killed Kirke
 30444 | D:14     | Reached skill level 10 in Dodging
 30517 | D:14     | Noticed Urug
 30532 | D:14     | Killed Urug
 30587 | D:14     | Found a gate to the Vaults.
 30646 | D:14     | Reached skill level 1 in Charms
 30713 | D:14     | Found Wikliman's Food Emporium.
 31077 | D:15     | Entered Level 15 of the Dungeon
 31084 | D:15     | Noticed Josephine
 31096 | D:15     | Killed Josephine
 31108 | D:15     | Reached XP level 19. HP: 125/125 MP: 24/26
 31177 | D:15     | Found a flickering gateway to a bazaar.
 31218 | Bazaar   | Entered a bazaar
 31222 | Bazaar   | Found Parocw's Antique Armour Shop.
 31230 | Bazaar   | Bought a pair of bloodstained gloves for 133 gold pieces
 31241 | Bazaar   | Identified the +1 pair of gloves of Xeicuj Pakho {Regen+ Str+7 Slay-2} (You bought it in a shop in a bazaar)
 31246 | Bazaar   | Found Qoycs's Book Boutique.
 31262 | Bazaar   | Found Nakkogg's Antique Weapon Emporium.
 31282 | Bazaar   | Found Bokozxesh's Gadget Boutique.
 31289 | Bazaar   | Bought a lamp of fire for 400 gold pieces
 31320 | Bazaar   | Found Gucirr's Distillery.
 31334 | Bazaar   | Bought a potion of heal wounds for 50 gold pieces
 31418 | Bazaar   | Bought a Fen Folio for 1200 gold pieces
 31418 | Bazaar   | Bought a book of Party Tricks for 800 gold pieces
 31563 | D:15     | Found a staircase to the Depths.
 32168 | Depths:1 | Entered Level 1 of the Depths
 32175 | Depths:1 | Reached skill level 5 in Spellcasting
 32236 | Depths:1 | Found a gateway to Hell.
 32571 | Depths:1 | Reached skill level 5 in Charms
 32925 | Depths:1 | Found a runed gate.
 32928 | Depths:1 | Found a runed gate.
 32928 | Depths:1 | Found a runed gate.
 33197 | Depths:1 | Reached skill level 10 in Evocations
 33317 | Depths:2 | Reached skill level 1 in Stealth
 33558 | Depths:2 | Reached XP level 20. HP: 132/132 MP: 8/31
 33590 | Depths:2 | Reached skill level 5 in Stealth
 33606 | Depths:2 | Noticed a juggernaut
 33715 | Vaults:1 | Entered Level 1 of the Vaults
 34029 | Vaults:1 | Found Citsisas's Magic Scroll Emporium.
 34046 | Vaults:1 | Bought a scroll of enchant weapon for 127 gold pieces
 35610 | Vaults:2 | Reached XP level 21. HP: 136/136 MP: 34/34
 35655 | Vaults:2 | Reached skill level 10 in Spellcasting
 36001 | Vaults:2 | Reached skill level 10 in Stealth
 36440 | Vaults:2 | Reached skill level 10 in Charms
 36749 | Vaults:3 | Found a staircase to the Crypt.
 36806 | Vaults:3 | Found Zeabroa's Antique Weapon Boutique.
 37237 | Vaults:3 | Found Fialasmo's Weapon Boutique.
 37248 | Vaults:3 | Found Hell's General Store.
 37251 | Vaults:3 | Bought a scroll of enchant weapon for 142 gold pieces
 37312 | Vaults:3 | Found Sucoimao's Weapon Emporium.
 38019 | Vaults:4 | Found a roughly hewn altar of Beogh.
 38083 | Vaults:4 | Reached skill level 1 in Hexes
 38416 | Vaults:4 | Reached skill level 16 in Shields
 38544 | Vaults:4 | Reached XP level 22. HP: 143/143 MP: 37/37
 38648 | Vaults:4 | Noticed Aizul
 38673 | Vaults:4 | Killed Aizul
 38724 | Vaults:4 | Paralysed by a great orb of eyes for 6 turns
 38739 | Vaults:4 | Paralysed by a great orb of eyes for 2 turns
 39175 | Vaults:5 | Entered Level 5 of the Vaults
 39175 | Vaults:5 | Noticed Mara
 39862 | Vaults:5 | Noticed a golden dragon
 39865 | Vaults:5 | Reached skill level 5 in Hexes
 39870 | Vaults:5 | Noticed KristoblXynda's illusion
 39873 | Vaults:5 | Noticed a golden dragon
 39876 | Vaults:5 | Reached skill level 17 in Shields
 39876 | Vaults:5 | Killed a golden dragon
 39881 | Vaults:5 | Noticed an ancient lich
 39896 | Vaults:5 | Paralysed by a lich for 5 turns
 39911 | Vaults:5 | Paralysed by a lich for 4 turns
 39915 | Vaults:5 | Blown up by a lich

Vault maps used:
D:1:      scummos_arrival_simple_fountains, minmay_box_of_dots
D:2:      uniq_iyjb, uniq_sigmund, uniq_natasha
D:3:      lemuel_coloured_pillars_altar, first_bread, portal_sewer_entry_a,
          nicolae_ru_path_of_blood
D:4:      grunt_temple_overflow_forces_of_nature, uniq_pikel
D:5:      minitemple, makhleb_altar_promises_db, elyvilon_altar_5,
          uniq_blork_the_orc
D:6:      temple_statues, uniq_prince_ribbit1, uniq_duvessa, uniq_edmund
D:7:      kennysheep_housing_project, gammafunk_temple_overflow_statue
D:8:      kiku_gazebo_garden_becter, special_room
D:10:     due_lair_maze_entry_diamond, orc_0_dummy, grunt_ogre_cave, uniq_grum,
          uniq_fannar
D:11:     hangedman_cross_stitches
D:12:     grunt_ministairs_4, small_statue_alley_a, kennysheep_potato,
          uniq_psyche
D:13:     serial_shops, kennysheep_mini, minmay_another_anthill
D:14:     erik_vaults_2, serial_shops, nicolae_shop_stone,
          minmay_misc_feat_secret_circle, uniq_kirke, uniq_urug
D:15:     gammafunk_depths_entry_grave, serial_shops, bzr_entry_gold,
          uniq_josephine
Temple:   eino_temple_lava
Lair:1:   portal_ice_cave_entry_pillars_1, beast_lair_carwin_2
Lair:2:   minmay_swamp_entry_reptiles, dummy_snake_entry,
          grunt_forest_small_clearings, eino_house_with_fridge, uniq_gastronok
Lair:4:   serial_bayou_pond_e
Lair:5:   minmay_slime_entry_pillars, beast_lair_carwin_8,
          minmay_lair_oklob_chamber
Lair:6:   due_jungle_book, nicolae_volcano_entry_lava_flow, lookout_lair_type,
          worms_lemuel
Swamp:1:  evilmike_swamp_ruin_house_4, swamp_pool2,
          nicolae_swamp_trees_clearing, uniq_roxanne
Swamp:2:  cheibrodos_swamp_tower_of_moss, hangedman_swamp_ruin_wall
Swamp:3:  serial_swamp_ruin, evilmike_swamp_ruin_house_3,
          evilmike_swamp_ruin_wall, evilmike_swamp_ruin_house_1
Swamp:4:  swamp_basic_johnstein
Snake:1:  serial_bayou_shore_b
Snake:3:  grunt_megastairs_2, serial_bayou_shore_b
Snake:4:  johnstein_snake_rune_scales, special_room, st_stairs_8
Orc:1:    nicolae_orc_accident_3, serial_shops, shop, led_sif_book
Orc:2:    grunt_orc_gardens, grunt_orc_garden, grunt_orc_garden,
          grunt_orc_garden, grunt_orc_garden, uniq_saint_roka, uniq_rupert
Vaults:1: grunt_vaults_trifunnel, serial_ice_h, st_smaller_cells,
          nicolae_vaults_theta, ontoclasm_vaults_ring_square,
          nicolae_vaults_asterisk, vaults_room_ringed_pool,
          nicolae_vaults_angled_halls, nicolae_vaults_specimen_jars,
          nicolae_vaults_triangles, vaults_room_grunt_arrival_ludios,
          nicolae_vaults_yaktaur_gun_rack, vaults_mumra_chevron_long,
          serial_glass, serial_shops, shop
Vaults:2: ontoclasm_vaults_gateway, vaults_dpeg_encased_lava,
          ontoclasm_vaults_chip, nicolae_vaults_network_square,
          vaults_dpeg_doors, v_misc_27, v_misc_5, grunt_vaults_diagonal,
          ontoclasm_vaults_spin, ontoclasm_vaults_twist, v_alt_pattern_3,
          hangedman_vaults_stream, ontoclasm_vaults_decontamination,
          nicolae_vaults_asterisk, ontoclasm_vaults_loading_screen
Vaults:3: minmay_crypt_entry_simple_statues, v_misc_16, vaults_mumra_hex,
          hangedman_vaults_river_flow, st_cells, ontoclasm_vaults_hangar,
          vaults_room_door_ring, nicolae_vaults_sealed_display,
          nicolae_vaults_shelves_hall, grunt_vaults_hallway_short, serial_shops,
          nicolae_shop_behind_doors, shop, shop, shop_statue
Vaults:4: v_rooms_1, hangedman_vaults_stagger, vaults_room_large_hall,
          special_room_vaults, vaults_room_pools, vaults_room_fours,
          vaults_mumra_lcd, vaults_standard_mumra_x, uniq_aizul
Vaults:5: uniq_mara
Depths:1: hell_entry, nicolae_water_bricks, minmay_strange_pillars,
          grunt_ministairs_12, minmay_gold_behind_fungi, minmay_misc_feat_iff,
          st_stairs_11, grunt_decor_one_mirror, pandoras_box_mu
Depths:2: gammafunk_depths_water_palace, grunt_hell_entry_dis_old
Bazaar:   bazaar_jpeg_ninerooms_2
Sewer:    sewer_co_15_rooms
IceCv:    ice_cave_statue_garden_chambered
Volcano:  volcano_pools

Skill      XL: |  1  2  3  4  5  6  7  8  9 10 11 12 13 14 15 16 17 18 19 20 21 22 |
---------------+-------------------------------------------------------------------+-----
Axes           | 2 4 5 6 8 10 12 13 15 16 | 16.0
Shields        | 4 5 6 7 8 9 11 12 13 14 15 16 17 | 17.1
Maces & Flails | 1 3 4 |  4.0
Armour         | 4 6 8 9 10 12 14 15 16 | 16.1
Fighting       | 4 5 7 9 11 | 11.4
Invocations    | 6 9 10 | 10.0
Dodging        | 2 6 8 10 | 10.1
Evocations     | 5 8 10 | 10.0
Spellcasting   | 4 7 9 11 13 | 13.1
Charms         | 1 6 9 11 | 11.1
Stealth        | 4 9 10 | 10.0
Hexes          | 2 6 |  6.4

Action                   |  1- 3 |  4- 6 |  7- 9 | 10-12 | 13-15 | 16-18 | 19-21 | 22-24 || total
-------------------------+-------+-------+-------+-------+-------+-------+-------+-------++-------
Melee: War axe           |    30 |       |       |    58 |  1008 |   372 |       |       ||  1468
       Whip              |    39 |   137 |   425 |   427 |       |       |       |       ||  1028
       Morningstar       |       |       |       |   794 |       |       |       |       ||   794
       Flail             |       |       |       |    12 |       |       |       |       ||    12
       Broad axe         |       |       |       |   311 |   526 |  1389 |  1772 |   167 ||  4165
       Bite              |       |       |       |    36 |   234 |   257 |   309 |    30 ||   866
       Unarmed           |       |       |       |       |       |    13 |       |       ||    13
 Cast: Spectral Weapon   |       |       |       |       |       |       |     2 |       ||     2
 Abil: Blink             |       |       |       |       |     2 |       |       |       ||     2
       Fly               |       |       |       |       |     1 |       |       |       ||     1
Evoke: Wand              |       |       |       |     1 |     1 |       |       |       ||     2
       Lightning rod     |       |       |       |     1 |     3 |     2 |     2 |       ||     8
       Lamp of fire      |       |       |       |       |       |       |     1 |     1 ||     2
  Use: Scroll            |       |       |     9 |    19 |    14 |    13 |     6 |     5 ||    66
       Potion            |       |       |     1 |    13 |     4 |     4 |       |     3 ||    25
 Stab: Invisible         |       |       |       |       |       |    22 |       |       ||    22
       Sleeping          |       |       |       |       |       |       |     6 |       ||     6
       Distracted        |       |       |       |       |       |       |     1 |     1 ||     2
  Eat: Chunk             |       |     3 |     8 |    28 |    19 |     6 |    10 |       ||    74
       Fruit             |       |     1 |     2 |     3 |    20 |     5 |     3 |       ||    34
       Royal jelly       |       |       |       |     4 |       |     4 |       |       ||     8
       Meat ration       |       |       |       |     2 |       |     2 |     2 |     1 ||     7
       Bread ration      |       |       |       |       |       |     2 |     1 |       ||     3
Armor: Scale mail        |    33 |    60 |    60 |       |       |       |       |       ||   153
       Chain mail        |       |       |    86 |  1068 |   776 |       |       |       ||  1930
       Skin              |       |       |       |    47 |       |       |       |       ||    47
       Ice dragon scales |       |       |       |       |   173 |   771 |   847 |   139 ||  1930
Dodge: Dodged            |    26 |    28 |    76 |   478 |   445 |   866 |  1146 |   112 ||  3177
Block: Shield            |    55 |    68 |   168 |  1317 |  1032 |  1290 |  1622 |   183 ||  5735
